Map: Newkirk Precinct TE (Void)

Players

FeaR - Winner!

  • Race: Protoss Protoss
  • League: Grandmaster
  • Spawn Location: 7:00

Railgan

  • Race: Zerg Zerg
  • League: Grandmaster
  • Spawn Location: 5:00

VOD

Have the link to the VOD?

Description

Time

  • Played on: March 11, 2017, 3:06 p.m.
  • Length: 10:03
Show
View Real Time Build Order
Export as new Build Order

FeaR Protoss - Winner!

Build Orders: 1 Gate Expand, Oracle Opening 

Get SALT Encoding   

  12  0:07  Probe (Chrono Boost)  
  13  0:17  Pylon  
  13  0:18  Probe (Chrono Boost)  
  14  0:29  Probe (Chrono Boost)  
  15  0:36  Gateway  
  15  0:39  Probe (Chrono Boost)  
  16  0:49  Assimilator  
  16  0:50  Probe (Chrono Boost)  
  17  1:00  Probe (Chrono Boost)  
  19  1:11  Probe (Chrono Boost)  
  19  1:22  Nexus  
  20  1:25  Probe (Chrono Boost)  
  20  1:35  Cybernetics Core  
  20  1:39  Probe (Chrono Boost)  
  21  1:44  Assimilator  
  21  1:49  Probe (Chrono Boost)  
  22  1:54  Pylon  
  22  2:00  Probe (Chrono Boost)  
  23  2:12  Warp Gate, Adept, Probe (Chrono Boost)  
  26  2:23  Probe (Chrono Boost)  
  26  2:26  Stargate  
  27  2:34  Probe (Chrono Boost)  
  27  2:35  Probe (Chrono Boost)  
  29  2:39  Adept  
  31  2:44  Probe (Chrono Boost)  
  31  2:45  Probe (Chrono Boost)  
  33  2:55  Probe (Chrono Boost)  
  33  2:56  Probe (Chrono Boost)  
  36  3:05  Probe (Chrono Boost)  
  36  3:06  Adept  
  36  3:07  Probe (Chrono Boost)  
  36  3:08  Oracle  
  39  3:16  Probe (Chrono Boost)  
  39  3:19  Probe (Chrono Boost)  
  44  3:25  Pylon  
  44  3:26  Probe (Chrono Boost)  
  45  3:32  Gateway  
  45  3:34  Gateway  
  45  3:38  Probe (Chrono Boost)  
  45  3:40  Oracle  
  46  3:43  Adept, Probe (Chrono Boost)  
  52  3:49  Pylon  
  52  3:55  Probe (Chrono Boost)  
  53  4:07  Mothership Core (Chrono Boost), Probe (Chrono Boost)  
  56  4:15  Pylon  
  56  4:19  Probe (Chrono Boost)  
  56  4:22  Nexus  
  56  4:25  Probe (Chrono Boost)  
  56  4:31  Probe (Chrono Boost)  
  57  4:36  Probe (Chrono Boost)  
  57  4:39  Pylon  
  57  4:42  Probe (Chrono Boost)  
  58  4:45  Adept x2  
  58  4:46  Adept  
  58  4:49  Probe (Chrono Boost)  
  65  4:53  Probe (Chrono Boost)  
  65  4:59  Assimilator  
  67  5:00  Probe (Chrono Boost)  
  67  5:03  Assimilator  
  68  5:07  Probe (Chrono Boost)  
  68  5:08  Forge  
  68  5:09  Sentry  
  68  5:10  Probe (Chrono Boost), Sentry  
  73  5:17  Probe (Chrono Boost)  
  73  5:21  Probe (Chrono Boost)  
  75  5:28  Probe (Chrono Boost)  
  73  5:31  Probe (Chrono Boost)  
  74  5:36  Probe (Chrono Boost)  
  74  5:38  Zealot, Probe (Chrono Boost), Protoss Ground Weapons Level 1, Sentry  
  74  5:41  Assimilator  
  74  5:42  Probe (Chrono Boost)  
  77  5:45  Assimilator  
  77  5:47  Probe (Chrono Boost)  
  77  5:49  Pylon  
  70  5:51  Probe (Chrono Boost)  
  70  5:55  Probe (Chrono Boost)  
  70  5:58  Probe (Chrono Boost)  
  70  6:00  Robotics Facility  
  70  6:01  Zealot x3  
  70  6:02  Probe (Chrono Boost)  
  78  6:06  Probe (Chrono Boost)  
  78  6:07  Twilight Council  
  78  6:09  Probe (Chrono Boost)  
  80  6:12  Probe (Chrono Boost)  
  80  6:15  Gateway x2  
  80  6:16  Probe (Chrono Boost)  
  82  6:19  Probe (Chrono Boost)  
  82  6:23  Probe (Chrono Boost)  
  84  6:27  Probe (Chrono Boost)  
  84  6:29  Zealot x3  
  84  6:30  Probe (Chrono Boost)  
  92  6:35  Phoenix  
  92  6:37  Charge  
  94  6:40  Pylon  
  94  6:45  Observer  
  94  6:47  Templar Archives  
  94  6:51  Zealot x2  
  94  6:52  Zealot, Pylon  
  101  6:57  Photon Cannon  
  101  7:03  Photon Cannon  
  101  7:07  Immortal  
  101  7:15  Psionic Storm  
  105  7:17  Adept x2  
  105  7:18  Adept x3  
  115  7:23  Gateway  
  115  7:26  Gateway  
  115  7:42  Gateway  
  115  7:44  High Templar  
  115  7:45  Pylon  
  117  7:56  Pylon  
  117  7:58  Pylon  
  117  8:00  Pylon x2  
  117  8:02  Pylon  
  117  8:03  Immortal  
  121  8:08  High Templar x2  
  125  8:13  Pylon  
  125  8:15  Pylon  
  121  8:27  High Templar  
  121  8:28  Zealot x4  
  125  8:38  Pylon  
  125  8:41  Pylon x2  
  125  8:44  Zealot x2, Pylon, Immortal  
  125  8:45  Zealot  
  125  8:46  Photon Cannon  
  135  8:54  Archon  
  135  8:55  Archon  
  135  8:56  High Templar x4  
  135  9:00  Archon x2  
  143  9:11  High Templar x2  
  143  9:14  Zealot x2  
  143  9:16  Archon  
  151  9:19  Gateway  
  151  9:20  Gateway  
  145  9:41  Zealot x4  
  145  9:42  Zealot  
  145  9:43  Archon  
  145  9:44  Archon  
  151  9:49  Zealot x2  
Show
View Real Time Build Order
Export as new Build Order

Railgan Zerg 

Build Orders: Hatch First 

Get SALT Encoding   

  12  0:01  Drone  
  13  0:14  Overlord  
  13  0:18  Drone  
  14  0:32  Drone x2  
  16  0:38  Drone  
  17  0:46  Drone  
  18  0:59  Hatchery  
  18  1:01  Extractor  
  18  1:03  Drone  
  17  1:18  Drone, Spawning Pool  
  17  1:21  Drone  
  18  1:29  Drone  
  19  1:41  Overlord  
  19  1:56  Drone  
  20  2:04  Queen  
  20  2:05  Zergling x2  
  23  2:11  Queen  
  23  2:12  Drone  
  23  2:14  Drone  
  27  2:21  Metabolic Boost  
  27  2:22  Drone  
  28  2:25  Drone  
  29  2:33  Drone  
  29  2:34  Overlord  
  30  2:40  Queen  
  32  2:44  Drone  
  32  2:47  Queen  
  35  2:54  Evolution Chamber  
  35  2:55  Drone  
  35  2:57  Drone  
  36  2:59  Drone  
  37  3:06  Zergling x4  
  37  3:12  Drone x2  
  40  3:14  Overlord  
  40  3:21  Zergling x4  
  42  3:27  Zerg Melee Weapons Level 1  
  42  3:30  Drone  
  42  3:31  Drone, Overlord  
  44  3:38  Drone  
  44  3:40  Lair  
  45  3:43  Drone x2  
  45  3:47  Drone  
  48  3:50  Extractor x2  
  48  3:53  Spore Crawler  
  45  3:59  Spore Crawler  
  44  4:03  Drone  
  44  4:04  Drone x2  
  44  4:06  Overlord  
  44  4:11  Drone  
  44  4:12  Drone x2  
  46  4:24  Drone  
  46  4:28  Drone x3  
  46  4:30  Drone  
  49  4:32  Zergling x2  
  49  4:34  Drone  
  49  4:35  Drone  
  49  4:36  Roach Warren  
  50  4:41  Drone  
  51  4:46  Drone x4  
  51  4:50  Zergling x2  
  51  4:52  Infestation Pit  
  55  4:58  Extractor, Drone  
  55  5:09  Hatchery, Queen  
  56  5:20  Zergling x14  
  58  5:32  Zergling x2  
  58  5:33  Zergling x2  
  55  5:36  Zergling x2  
  51  5:47  Drone x7  
  53  5:56  Drone  
  54  5:57  Drone  
  54  5:58  Zerg Melee Weapons Level 2  
  56  6:11  Drone x2  
  57  6:20  Drone  
  57  6:21  Drone x4  
  62  6:32  Drone x4  
  64  6:44  Overlord  
  64  6:50  Roach  
  64  6:51  Roach x3  
  64  6:53  Roach  
  74  6:55  Overlord x2  
  74  7:02  Queen  
  74  7:03  Roach, Spore Crawler  
  74  7:06  Roach x2  
  81  7:13  Overlord  
  81  7:15  Roach x2  
  85  7:17  Roach  
  85  7:18  Roach  
  85  7:20  Roach  
  90  7:24  Overlord x2  
  90  7:29  Overlord  
  90  7:36  Roach  
  90  7:37  Roach x2  
  96  7:38  Overlord x2  
  96  7:43  Baneling Nest, Roach  
  96  7:44  Roach  
  99  7:46  Ravager x5  
  99  7:47  Ravager  
  105  7:54  Overseer  
  105  7:55  Roach x3  
  111  8:01  Roach x3  
  117  8:09  Zergling x10  
  117  8:10  Zergling x2  
  125  8:12  Roach  
  118  8:37  Baneling  
  118  8:38  Baneling x19  
  118  8:40  Ravager  
  118  8:41  Ravager, Zergling x2  
  120  8:42  Zergling x12  
  120  8:45  Zergling x2  
  128  8:53  Zergling x2  
  128  8:54  Zergling x12  
  134  8:59  Zergling x6  
  134  9:02  Overlord  
  137  9:04  Overlord  
  137  9:09  Overlord  
  137  9:15  Overseer  
  130  9:36  Zergling x2  
  130  9:37  Zergling x2  
  118  9:39  Zergling x2  
  118  9:40  Zergling x10  
Tags
 
Add a new tag
Caveats
  • Supply blocks, unpowered buildings, or Contaminate may cause inaccurate times.
  • Supply counts are checked every 10 seconds.